 Dungeon Crawl Stone Soup version 0.31-a0-675-g238779eb0a (webtiles) character file.

Game seed: 7756334094112339946

1 Dirtsage the Trooper (level 1, -2/27 HPs)
             Began as a Demonspawn Berserker on Sept 5, 2023.
             Was a Follower of Trog.
             Slain by a kobold
             ... wielding a +0 dagger of protection
              (4 damage)
             ... on level 1 of the Dungeon.
             The game lasted 00:00:12 (50 turns).

Dirtsage the Trooper (Demonspawn Berserker)           Turns: 50, Time: 00:00:13

Health: -2/27      AC:  2    Str: 17    XL:     1   Next: 16%
Magic:  1/1        EV: 12    Int:  8    God:    Trog [*.....]
Gold:   0          SH:  0    Dex: 12    Spells: 0/0 levels left

rFire   . . .        a - +0 hand axe
rCold   . . .        (no shield)
rNeg    . . .        b - +0 animal skin
rPois   .            (no helmet)
rElec   .            (no cloak)
rCorr   .            (no gloves)
SInv    .            (no boots)
Will    .....        (no amulet) Stlth
                     (no ring)
HPRegen 0.24/turn    (no ring)
MPRegen 0.07/turn

%: no passive effects
@: berserking, very quick
A: no striking features
a: Renounce Religion, Berserk


You were on level 1 of the Dungeon.
You worshipped Trog.
Trog was aware of your devotion.
You visited 1 branch of the dungeon, and saw 1 of its levels.

Inventory:

Hand Weapons
 a - a +0 hand axe (weapon)
Armour
 b - a +0 animal skin (worn)


   Skills:
 - Level 3.0 Fighting
 + Level 2.8 Axes
 - Level 1.7 Armour
 - Level 1.7 Dodging


You couldn't memorise any spells.
You didn't know any spells.
Your spell library was empty.

Dungeon Overview and Level Annotations

Branches:
Dungeon (1/15)

Altars:


Message History

You are too injured to fight recklessly!
You are too injured to fight recklessly!
You are too injured to fight recklessly!
The kobold shouts!
You hear a bark! x3
You closely miss the kobold. The kobold hits you but does no damage.
You hit the kobold but do no damage. The kobold barely misses you.
You closely miss the kobold. The kobold barely misses you.
The kobold hits you with a +0 dagger of protection.
You hit the kobold but do no damage.
The kobold hits you with a +0 dagger of protection.
You take 3 damage, and have 10/18 hp.
You barely miss the kobold. The kobold hits you but does no damage.
You hit the kobold but do no damage.
The kobold hits you with a +0 dagger of protection.
You take 2 damage, and have 8/18 hp.
You closely miss the kobold. The kobold closely misses you.
You hit the kobold.
The kobold is moderately wounded.
The kobold barely misses you.
You closely miss the kobold.
The kobold is moderately wounded.
The kobold hits you with a +0 dagger of protection.
You take 1 damage, and have 8/18 hp.
You hit the kobold but do no damage.
The kobold is moderately wounded.
The kobold hits you with a +0 dagger of protection. x2
* * * LOW HITPOINT WARNING * * *
You take 4 damage, and have 4/18 hp.
MASSIVE DAMAGE!!
You hit the kobold but do no damage.
The kobold hits you with a +0 dagger of protection.
* * * LOW HITPOINT WARNING * * *
You take 2 damage, and have 2/18 hp.
You closely miss the kobold.
The kobold hits you with a +0 dagger of protection.
* * * LOW HITPOINT WARNING * * *
You take 1 damage, and have 1/18 hp.
A red film seems to cover your vision as you go berserk!
You feel yourself moving faster!
You feel mighty!
The kobold hits you with a +0 dagger of protection.
You die...

#.# #.# #.# ♣♣♣ #.#
♣♣≈≈ #.# ♣♣~≈≈
#.##♣♣♣♣♣♣~≈~~
#.....♣♣.~~~~.
#########........~≈≈..
#...K@..†........~≈≈..
#.#######.......~≈≈≈).
#....♣♣♣~≈≈~..
#.......~≈≈~.♣
#.......≈≈≈...
#....♣..~≈~..♣
#......~~≈~.♣.
$##♣♣♣~≈≈♣♣♣♣ ♣≈≈~≈


You could see a kobold.

Vanquished Creatures
  A hobgoblin (D:1)
1 creature vanquished.

Notes
Turn   | Place    | Note
-------+----------+-------------------------------------------
     0 | D:1      | Dirtsage the Demonspawn Berserker began the quest for the
                  | Orb.
     0 | D:1      | Reached XP level 1. HP: 18/18 MP: 1/1
    50 | D:1      | Slain by a kobold

Illustrated notes

Levels and vault maps discovered:
D:1:      lemuel_arrival_river_ford, layout_basic

Action                     || total
---------------------------++-------
  Melee: Hand axe          ||    16
 Invoke: Berserk           ||     1
 Armour: Animal skin       ||    14
  Dodge: Dodged            ||     5

Table legend: (Time is in decaauts)
 A = Elapsed time spent in this place.
 B = Non-inter-level travel time spent in this place.
 C = Inter-level travel time spent in this place.
 D = Time resting spent in this place.
 E = Time spent auto-exploring this place.
 F = Levels seen in this place.
 G = Mean time per level.
                   A        B        C        D        E       F      G
               +--------+--------+--------+--------+--------+-----+--------+
         Total |     54 |     54 |      0 |      0 |     26 |   1 |   54.0 |
       Dungeon |     54 |     54 |      0 |      0 |     26 |   1 |   54.0 |
               +--------+--------+--------+--------+--------+-----+--------+

Top non-repeatable levels by time:
     D:1: 54 daAuts
